 Dungeon Crawl Stone Soup version 0.28.0-45-g0d030f2227 (webtiles) character file.

Game seed: 17867844615425909924

69883 Lethiferous the Severer (level 14, -13/199 HPs)
             Began as a Minotaur Berserker on Apr 15, 2022.
             Was a High Priest of Trog.
             Killed by divine providence
             ... invoked by an orc priest
              (14 damage)
             ... on level 2 of the Orcish Mines on Apr 17, 2022.
             The game lasted 01:45:00 (22995 turns).

Lethiferous the Severer (Minotaur Berserker)       Turns: 22995, Time: 01:45:01

Health: -13/199    AC: 27    Str: 26    XL:     14   Next: 92%
Magic:  4/4        EV: 12    Int:  4    God:    Trog [*****.]
Gold:   2269       SH:  0    Dex: 11    Spells: 13/13 levels left

rFire   + + .      SeeInvis .   c - +8 Wrath of Trog {antimagic, *Rage Rampage}
rCold   . . .      Faith    .   (shield currently unavailable)
rNeg    . . .      Spirit   .   v - +6 plate armour "Kemo" {rF+}
rPois   .          Reflect  .   (helmet restricted)
rElec   .          Harm     .   (no cloak)
rCorr   .          Rampage  +   y - +2 pair of gloves
Will    +....      Rage     50% T - +0 pair of boots
Stlth   ..........              X - amulet of regeneration
HPRegen 1.23/turn               r - ring of protection from fire
MPRegen 0.09/turn               u - ring of flight

@: berserking, flying, very quick
A: horns 2, retaliatory headbutt
a: Renounce Religion, Berserk, Trog's Hand, Brothers in Arms


You were on level 2 of the Orcish Mines.
You worshipped Trog.
Trog was extremely pleased with you.
You visited 4 branches of the dungeon, and saw 21 of its levels.
You also visited: Bailey.

You collected 2426 gold pieces.
You spent 157 gold pieces at shops.

Inventory:

Hand Weapons
 c - the +8 Wrath of Trog (weapon) {antimagic, *Rage Rampage}
   (You acquired it on level 6 of the Dungeon)

   It reduces the magical energy of the wielder, and disrupts the spells and
   magical abilities of those it strikes.
   Natural abilities and divine invocations are not affected.
   It causes slowness and exhaustion when equipped.
   It extends the wielder's berserk rage when killing foes.
   *Rage:     It berserks you when you make melee attacks (+50% chance).
   Rampage:   It bestows one free step when moving towards enemies.
Missiles
 m - a curare-tipped dart
 o - 69 poisoned darts
 t - 17 boomerangs (quivered)
 A - 4 throwing nets
Armour
 v - the +6 plate armour "Kemo" (worn) {rF+}
   (You found it on level 6 of the Dungeon)

   rF:        It protects you from fire.
 y - a +2 pair of gloves (worn)
 T - a +0 pair of boots (worn)
Jewellery
 r - a ring of protection from fire (left hand)
 u - a ring of flight (right hand)
 E - a ring of poison resistance
 X - an amulet of regeneration (around neck)
 Y - a ring of willpower
 Z - a +4 ring of evasion
Wands
 q - a wand of iceblast (11)
 x - a wand of acid (12)
 C - a wand of mindburst (30)
 I - a wand of paralysis (3)
 K - a wand of charming (2)
 O - a wand of polymorph (2)
 W - a wand of digging (4)
Scrolls
 f - 2 scrolls of brand weapon
 g - 3 scrolls of fog
 l - 6 scrolls of amnesia {unknown}
 n - 6 scrolls of teleportation
 p - a scroll of enchant weapon
 s - 3 scrolls of fear
 B - a scroll of silence {unknown}
 F - 2 scrolls of blinking
 H - 5 scrolls of identify
 J - 3 scrolls of summoning {unknown}
 M - 4 scrolls of noise {unknown}
 R - 4 scrolls of magic mapping
 S - a scroll of holy word {unknown}
 U - a scroll of acquirement
Potions
 a - 2 potions of might
 e - 3 potions of flight {unknown}
 h - 10 potions of curing {unknown}
 i - 2 potions of degeneration
 j - 4 potions of lignification
 w - a potion of haste
 z - 2 potions of attraction {unknown}
 G - 3 potions of brilliance {unknown}
 L - 5 potions of heal wounds {unknown}
 N - 3 potions of ambrosia {unknown}
 V - a potion of invisibility
Miscellaneous
 Q - a phantom mirror


   Skills:
 + Level 14.8 Fighting
 * Level 19.9 Axes
 + Level 14.6 Armour
 + Level 13.5 Dodging


You had 13 spell levels left.
You didn't know any spells.
Your spell library was empty.

Dungeon Overview and Level Annotations

Branches:
Dungeon (12/15)            Temple (1/1) D:6            Lair (6/6) D:9
  Swamp (0/4) Lair:2       Spider (0/4) Lair:4        Slime (0/5) Lair:5
    Orc (2/2) D:12         Bailey (visited)
    Elf: Orc:2

Altars:
Ashenzari
Cheibriados
Dithmenos
Elyvilon
Fedhas
Gozag
Hepliaklqana
Kikubaaqudgha
Makhleb
Nemelex Xobeh
Okawaru
Qazlal
Ru
Sif Muna
Trog
Uskayaw
Vehumet
Wu Jian
Xom
Yredelemnul
Zin
The Shining One
Jiyva

Shops:
D:1 =   D:4 **=?   Orc:1 (


Innate Abilities, Weirdness & Mutations

You have a pair of horns on your head.
You reflexively headbutt those who attack you in melee.


Message History

The orc knight roars a battlecry!
The orcs go into a battle-frenzy!
You hit the orc knight.
The orc knight is almost dead.
You closely miss the orc knight. You slice the orc warrior!!
You feel the power of Trog in you as your rage grows.
You kill the orc warrior!
Trog accepts your kill.
You slice something!!
You feel the power of Trog in you as your rage grows.
Trog accepts your kill.
Trog appreciates your killing of a magic user.
You feel a bit more experienced.
The orc knight roars a battlecry!
The orc knight goes into a battle-frenzy!
The orc warrior misses you.
You slash the orc knight! You headbutt the orc knight.
You feel the power of Trog in you as your rage grows.
You kill the orc knight!
Trog accepts your kill.
You slash the orc knight!
An orc comes into view. It is wielding a +0 club.
Unknown command.
You slice the orc knight!!
The orc knight is severely wounded.
The orc knight roars a battlecry!
Unknown command.
You slice the orc knight!!
You kill the orc knight!
Trog accepts your kill. The orc warrior misses you.
An orc priest comes into view. It is wielding a +0 hand axe.
An orc priest comes into view. It is wielding a +0 flail.
You barely miss the orc priest. Your headbutt misses the orc priest.
The orc priest calls down the wrath of Beogh upon you.
Beogh smites you!
* * * LOW HITPOINT WARNING * * *
The orc priest mumbles some strange prayers to Beogh against you.
Beogh smites you!
You die...

.....).....##..#
...............#
...)#).........# .
.........##.#..# ..
#.#.#...## #...######...
.....#.## ##...#........
....#### #....#........
....# ##....))).o...o
..... #....))@ooo....
....# #####....)))..o..o
.... ##.###...))........
##.# #...##.............
### ##.##.....#........
#.## ##.#.#.#..#........
...###.....#...######.o.
......#...###.## ...
..........# ###


You could see an orc high priest (strong), an orc warrior (strong), 5 orc
priests and an orc.

Vanquished Creatures
  An orc warlord (Orc:2)
  Snorg (D:12)
  A fire dragon (Lair:6)
  7 hydras
  Harold (D:8)
  2 boulder beetles
  A catoblepas (Lair:4)
  Erica (D:8)
  4 death yaks (Lair:6)
  5 two-headed ogres
  Urug (Lair:4)
  3 orc high priests
  Nergalle (D:12)
  6 orc knights
  A lindwurm (Lair:6)
  Pikel (D:4)
  A wizard (D:10)
  2 cyclopes
  A manticore (D:12)
  3 slime creatures (D:12)
  An ugly thing (D:11)
  2 orc sorcerers (Orc:2)
  9 elephants (Lair:3)
  Joseph (D:7)
  4 black mambas (Lair:6)
  A gargoyle (D:11)
  3 molten gargoyles (Lair:6)
  11 cane toads
  2 rime drakes (Lair:3)
  12 komodo dragons
  A kobold demonologist (Bailey)
  A freezing wraith (D:12)
  3 polar bears
  2 trolls
  A queen bee (Lair:3)
  A hornet (D:8)
  Prince Ribbit (D:9)
  3 blink frogs (Lair:3)
  4 dream sheep (Lair:4)
  3 vampires
  2 wraiths
  5 wyverns
  Sigmund (D:4)
  5 basilisks
  53 yaks
  4 vampire mosquitoes (D:12)
  2 steam dragons
  Menkaure (D:4)
  9 wargs
  3 hell hounds (Lair:6)
  13 water moccasins
  34 orc warriors
  5 ice beasts
  A swamp drake (D:12)
  11 wolves (Lair:3)
  8 ogres
  5 centaurs
  5 kobold brigands
  3 lemures (D:4)
  10 bullfrogs
  A water moccasin skeleton (D:5)
  9 wights
  35 killer bees
  4 electric eels (Bailey)
  5 lava snakes (Lair:6)
  A howler monkey (D:6)
  2 jellies
  16 orc priests
  A bullfrog zombie (D:7)
  A gnoll shaman (D:6)
  7 iguanas
  23 orc wizards
  5 hell rats
  A killer bee zombie (D:8)
  2 howler monkey zombies
  13 gnolls
  9 adders
  10 river rats (Lair:1)
  2 shadow imps (D:6)
  An ufetubus (D:6)
  A worm (D:2)
  2 dart slugs
  65 orcs
  6 ball pythons
  7 bats
  8 endoplasms
  2 giant cockroaches
  4 hobgoblins
  5 jackals
  4 quokkas
  4 frilled lizards
  16 goblins
  33 kobolds
  5 rats
600 creatures vanquished.

Vanquished Creatures (collateral kills)
  Rupert (Lair:4)
  3 hydras (Lair:6)
  A death yak (Lair:6)
  A black mamba (Lair:6)
  A cane toad (Lair:6)
  A komodo dragon (Lair:6)
  A basilisk (Lair:6)
  A steam dragon (Lair:6)
  A hell hound (Lair:6)
  A bullfrog (Lair:4)
  2 hell rats (Lair:6)
14 creatures vanquished.

Vanquished Creatures (others)
  24 fungi
  35 plants
59 creatures vanquished.

Grand Total: 673 creatures vanquished

Notes
Turn   | Place    | Note
-------+----------+-------------------------------------------
     0 | D:1      | Lethiferous the Minotaur Berserker began the quest for the
                  | Orb.
     0 | D:1      | Reached XP level 1. HP: 19/19 MP: 0/0
    73 | D:1      | Found a faded altar of an unknown god.
   104 | D:1      | Found Udialoon's Jewellery Boutique.
   260 | D:1      | Reached XP level 2. HP: 26/27 MP: 1/1
   562 | D:1      | Reached skill level 4 in Axes
  1171 | D:2      | Reached ** piety under Trog
  1241 | D:2      | Reached XP level 3. HP: 33/33 MP: 2/2
  2023 | D:3      | Reached XP level 4. HP: 36/40 MP: 3/3
  2388 | D:3      | Found a broken altar of Ashenzari.
  2774 | D:4      | Noticed Pikel
  2774 | D:4      | Noticed a lemure
  2774 | D:4      | Noticed a lemure
  2774 | D:4      | Noticed a lemure
  2774 | D:4      | Noticed a lemure
  2813 | D:4      | Noticed Sigmund
  2846 | D:4      | Noticed an ogre
  2850 | D:4      | Noticed a steam dragon
  2853 | D:4      | Killed an ogre
  2854 | D:4      | Reached XP level 5. HP: 42/47 MP: 4/4
  3205 | D:4      | Killed Sigmund
  3206 | D:4      | Reached skill level 5 in Fighting
  3206 | D:4      | Reached skill level 5 in Axes
  3206 | D:4      | Reached XP level 6. HP: 35/56 MP: 5/5
  3461 | D:4      | Killed Pikel
  3462 | D:4      | Reached skill level 6 in Axes
  3462 | D:4      | Reached skill level 5 in Armour
  3462 | D:4      | Reached XP level 7. HP: 60/63 MP: 6/6
  3627 | D:4      | Found Mobboalu's General Store.
  3631 | D:4      | Bought a scroll of identify for 24 gold pieces
  3800 | D:4      | Killed a steam dragon
  3800 | D:4      | Noticed Menkaure
  3801 | D:4      | Reached skill level 7 in Axes
  3801 | D:4      | Reached skill level 5 in Dodging
  4252 | D:4      | Found Qizogh's Magic Scroll Shoppe.
  4281 | D:4      | Bought a scroll of enchant weapon for 105 gold pieces
  4281 | D:4      | Bought a scroll of identify for 28 gold pieces
  4443 | D:4      | Found Aporeat's Jewellery Shoppe.
  4498 | D:4      | Found Zoaq's General Store.
  4619 | D:5      | Entered Level 5 of the Dungeon
  4730 | D:5      | Reached XP level 8. HP: 71/71 MP: 7/7
  5091 | D:5      | Reached skill level 8 in Axes
  5276 | D:5      | Found an iron altar of Okawaru.
  5675 | D:6      | Reached skill level 9 in Axes
  5758 | D:6      | Reached XP level 9. HP: 79/79 MP: 8/8
  5788 | D:6      | Found a staircase to the Ecumenical Temple.
  5806 | Temple   | Entered the Ecumenical Temple
  6452 | D:6      | Identified the +6 plate armour "Kemo" {rF+}
  6576 | D:6      | Reached *** piety under Trog
  6872 | D:7      | Noticed a four-headed hydra
  7178 | D:6      | Reached skill level 10 in Axes
  7283 | D:7      | Found a flagged portal.
  7294 | Bailey   | Entered a bailey
  7715 | Bailey   | Noticed an orc knight
  7720 | Bailey   | Noticed an orc high priest
  7772 | Bailey   | Killed an orc knight
  7774 | Bailey   | Noticed a sixfirhy
  7776 | Bailey   | Killed an orc high priest
  7777 | Bailey   | Reached skill level 11 in Axes
  7777 | Bailey   | Reached XP level 10. HP: 56/90 MP: 9/9
  7960 | Bailey   | Noticed an orc knight
  7975 | Bailey   | Killed an orc knight
  8508 | Bailey   | Noticed an orc knight
  8519 | Bailey   | Killed an orc knight
  8528 | Bailey   | Reached skill level 12 in Axes
  8609 | Bailey   | Noticed an orc knight
  8620 | Bailey   | Killed an orc knight
  9228 | Bailey   | Found an iron altar of Okawaru.
  9234 | Bailey   | Identified the +3 mace "Orb Guardian's Curse" {drain, rF+
                  | rC+ rN+ rCorr}
  9236 | Bailey   | Noticed an orange demon
  9741 | D:7      | Noticed Joseph
  9812 | D:7      | Killed Joseph
 10073 | D:7      | Killed a four-headed hydra
 10256 | D:4      | Killed Menkaure
 10257 | D:4      | Reached skill level 10 in Fighting
 10300 | D:6      | Acquired the +8 Wrath of Trog {antimagic, *Rage Rampage}
 10300 | D:6      | Found the +8 Wrath of Trog {antimagic, *Rage Rampage}
 10628 | D:7      | Reached XP level 11. HP: 99/99 MP: 3/10
 10636 | D:7      | Reached skill level 13 in Axes
 11206 | D:8      | Noticed Erica
 11206 | D:8      | Noticed Harold
 11217 | D:8      | Killed Erica
 11218 | D:8      | Killed Harold
 11348 | D:8      | Reached skill level 10 in Armour
 11521 | D:8      | Noticed a two-headed ogre
 11532 | D:8      | Killed a two-headed ogre
 12152 | D:9      | Noticed Prince Ribbit
 12155 | D:9      | Noticed a two-headed ogre
 12159 | D:9      | Killed Prince Ribbit
 12163 | D:9      | Killed a two-headed ogre
 12168 | D:9      | Reached **** piety under Trog
 12197 | D:9      | Found a staircase to the Lair.
 12269 | D:9      | Reached skill level 14 in Axes
 12308 | Lair:1   | Entered Level 1 of the Lair of Beasts
 13353 | Lair:2   | Noticed a five-headed hydra
 13360 | Lair:2   | Killed an 11-headed hydra
 13361 | Lair:2   | Reached skill level 10 in Dodging
 13478 | Lair:2   | Found a staircase to the Swamp.
 13484 | Lair:2   | Reached XP level 12. HP: 110/110 MP: 3/11
 13701 | Lair:2   | Reached ***** piety under Trog
 13978 | Lair:3   | Reached skill level 15 in Axes
 14583 | Lair:3   | Reached skill level 16 in Axes
 14635 | Lair:3   | Received a gift from Trog
 15213 | Lair:3   | Reached XP level 13. HP: 119/119 MP: 4/12
 15642 | Lair:4   | Found a hole to the Spider Nest.
 15939 | Lair:4   | Noticed Urug
 15945 | Lair:4   | Killed Urug
 16071 | Lair:4   | Noticed Rupert
 16078 | Lair:4   | Killed Rupert
 16079 | Lair:4   | Reached skill level 17 in Axes
 16952 | Lair:5   | Found a viscous altar of Jiyva.
 16952 | Lair:5   | Found a staircase to the Slime Pits.
 17494 | Lair:5   | You are sucked into a shaft and drop 1 floor!
 17494 | Lair:6   | Entered Level 6 of the Lair of Beasts
 17809 | Lair:6   | Reached skill level 18 in Axes
 18157 | Lair:6   | Reached XP level 14. HP: 94/130 MP: 4/13
 18680 | Lair:6   | Found a large runed translucent door.
 18680 | Lair:6   | Found a large runed translucent door.
 20467 | D:10     | Entered Level 10 of the Dungeon
 21392 | D:11     | Reached skill level 19 in Axes
 21488 | D:12     | Noticed Snorg
 21497 | D:12     | Killed Snorg
 21943 | D:12     | Noticed Nergalle
 21955 | D:12     | Killed Nergalle
 22123 | D:12     | Found a staircase to the Orcish Mines.
 22144 | Orc:1    | Entered Level 1 of the Orcish Mines
 22145 | Orc:1    | Found Ysseen's Weapon Boutique.
 22645 | Orc:2    | Entered Level 2 of the Orcish Mines
 22957 | Orc:2    | Noticed an orc warlord
 22977 | Orc:2    | Killed an orc warlord
 22977 | Orc:2    | Identified the +6 battleaxe of Trog's Outrage {vorpal,
                  | Str+7 Dex-2} (Trog gifted it to you on level 2 of the
                  | Orcish Mines)
 22977 | Orc:2    | Received a gift from Trog
 22995 | Orc:2    | HP: 1/199 [orc priest/divine providence (11)]
 22995 | Orc:2    | Killed from afar by an orc priest

Illustrated notes

Levels and vault maps discovered:
D:1:      minmay_arrival_glassed_features, layout_basic, serial_shops,
          nicolae_shop_crystal, basic_ecumenical_altar,
          minmay_misc_feat_enclosed
D:2:      layout_loops_corners, hangedman_decor_growths,
          minmay_misc_feat_secret_circle
D:3:      layout_rooms, amcnicky_altar_gilded, kennysheep_potato
D:4:      layout_basic, serial_shops, shop, shop, nicolae_lakefront_shop,
          nicolae_diamond_shop, uniq_sigmund, uniq_menkaure, uniq_pikel
D:5:      layout_loops_ring, overflow_temple_1_default, serial_glass,
          glass_columns_a, glass_columns_a
D:6:      layout_rooms, minmay_temple_entry_glassed_door, portal_sewer_entry_d,
          hangedman_glass_teeth, fountainhead
D:7:      layout_cave_pods, enter_bailey_5, uniq_joseph
D:8:      layout_cave_pools, roderic_serpentine_path, uniq_harold, uniq_erica
D:9:      layout_roguey, dpeg_oklobed_lair, uniq_prince_ribbit1
D:10:     layout_roguey
D:11:     layout_gridville
D:12:     layout_basic, erik_orc_1, chequers_mini_garden, uniq_snorg,
          uniq_nergalle
Temple:   mainiacjoe_temple_cubbyholes
Lair:1:   layout_regular_city, gauntlet_entry_generic, kennysheep_rathole,
          grunt_megastairs_5, lemuel_fruit_fields
Lair:2:   layout_cave_shapes, minmay_swamp_entry_reptiles,
          chequers_serial_rivers_micro_b, chequers_serial_rivers_room_b
Lair:3:   regret_index_wax_grids, layout_cave_pods, lemuel_fruit_tree
Lair:4:   layout_long_grid, spider_nest_entry_web_field, uniq_rupert, uniq_urug
Lair:5:   layout_loops_ring, dpeg_slime_entry_enclosed_altar, minivault_24,
          grunt_megastairs_4
Lair:6:   cheibrodos_lair_end_hotspot, layout_regular_city
Orc:1:    cheibrodos_orc_guarddog, layout_caves, serial_shops,
          nicolae_shop_trees
Orc:2:    st_orc_congregation, layout_caves

Skill      XL: |  1  2  3  4  5  6  7  8  9 10 11 12 13 14 |
---------------+-------------------------------------------+-----
Axes           | 4 5 6 7 9 11 12 14 16 18 19 | 19.9
Fighting       | 4 5 6 7 8 10 11 12 13 14 | 14.8
Armour         | 3 4 5 6 8 9 11 12 13 14 | 14.6
Dodging        | 3 4 5 6 7 8 10 11 12 13 | 13.5

Action                   |  1- 3 |  4- 6 |  7- 9 | 10-12 | 13-15 || total
-------------------------+-------+-------+-------+-------+-------++-------
Melee: Hand axe          |    96 |     4 |       |       |       ||   100
       Headbutt          |     9 |    13 |    35 |    73 |    95 ||   225
       War axe           |       |    70 |   210 |    22 |       ||   302
       Punch             |       |       |     1 |     1 |       ||     2
       Broad axe         |       |       |       |    69 |       ||    69
       Mace              |       |       |       |    32 |       ||    32
       Battleaxe         |       |       |       |   323 |   516 ||   839
Throw: Dart              |       |     2 |    10 |       |       ||    12
       Throwing net      |       |     1 |       |       |       ||     1
       Stone             |       |       |     9 |       |       ||     9
       Boomerang         |       |       |       |     6 |       ||     6
Invok: Trog's Hand       |       |     3 |     2 |     5 |     6 ||    16
       Berserk           |       |     3 |     7 |     6 |       ||    16
       Brothers in Arms  |       |       |       |       |     7 ||     7
Evoke: Wand              |       |       |     1 |       |       ||     1
  Use: Scroll            |     1 |       |    10 |     6 |       ||    17
       Potion            |     1 |       |     2 |     1 |       ||     4
 Stab: Sleeping          |     1 |       |       |       |       ||     1
       Held in net/web   |       |     1 |       |       |       ||     1
       Distracted        |       |       |       |     1 |       ||     1
Armor: Animal skin       |     6 |       |       |       |       ||     6
       Scale mail        |    38 |    24 |     1 |       |       ||    63
       Plate armour      |       |       |   138 |   218 |   326 ||   682
Dodge: Dodged            |    49 |    35 |   121 |   189 |   297 ||   691
